AoeStats
← SkL

Arabia

504136411Analyzed
4v4 RM · 1mo ago on Sep 4, 2026· 54m 58s· 8 players
Game mode
Random Map
Map size
Large (8 player)
Population
200
Speed
Normal
Resources
Standard
Victory
Conquest
Starting age
Dark Age
Ending age
Imperial Age
RankedLock teamsTeams togetherTeam positionsShared explorationLock speedFull tech treeHidden civsTurbo modeCheats
Victory
Defeat
🇺🇸 Ethiopians · United States
1320
+14
🇧🇷 Khmer · Brazil
1259
+17
🇺🇸 Britons · United States
1250
+17
🇲🇽 Persians · Mexico
1223
+17
🇦🇷 Khmer · Argentina
1294
-17
🇦🇷 Cumans · Argentina
1281
-17
🇦🇷 Shu · Argentina
1261
-16
🇦🇷 Franks · Argentina
1248
-15
Muley | Angel Fire
6:54 Loom
9:09 Feudal Age
11:53 Double-Bit Axe
14:32 Horse Collar
16:29 Fletching
21:23 Gold Mining
25:07 Castle Age
23:21 Padded Archer Armor
25:22 Crossbowman
26:23 Bodkin Arrow
27:48 Ballistics
30:47 Wheelbarrow
29:59 Town Watch
30:55 Leather Archer Armor
31:25 Bow Saw
32:17 Thumb Ring
33:38 Hand Cart
33:29 Heavy Plow
34:12 Elite Skirmisher
37:07 Gold Shaft Mining
40:58 Imperial Age
40:08 Stone Mining
41:13 Arbalester
41:56 Bracer
43:00 Chemistry
44:21 Stone Shaft Mining
45:20 Torsion Engines
45:43 Conscription
45:24 Torsion Engines
46:39 Siege Engineers
52:24 Two-Man Saw
51:08 Elite Shotel Warrior
53:56 Guilds
SkL
6:28 Loom
9:20 Feudal Age
9:58 Double-Bit Axe
20:36 Castle Age
21:09 Bloodlines
22:00 Bow Saw
22:24 Husbandry
25:10 Scale Barding Armor
25:49 Forging
25:42 Horse Collar
31:09 Wheelbarrow
31:26 Pikeman
37:30 Gold Mining
37:55 Scale Mail Armor
39:34 Chain Mail Armor
39:40 Heavy Plow
43:38 Imperial Age
42:28 Iron Casting
42:44 Chain Barding Armor
42:39 Fletching
45:54 Blast Furnace
45:23 Halberdier
50:07 Hand Cart
52:26 Light Cavalry
Renegade
9:34 Feudal Age
9:10 Loom
10:45 Double-Bit Axe
12:57 Fletching
18:11 Padded Archer Armor
26:55 Castle Age
24:47 Horse Collar
25:47 Gold Mining
26:58 Crossbowman
27:34 Bodkin Arrow
32:03 Bow Saw
39:51 Wheelbarrow
42:19 Ballistics
47:03 Masonry
49:26 Stone Mining
53:17 Heavy Plow
53:53 Hand Cart
58:02 Imperial Age
HK | Jai Guru Deva
5:45 Loom
9:01 Feudal Age
9:33 Double-Bit Axe
10:22 Horse Collar
15:55 Wheelbarrow
20:48 Castle Age
19:36 Bloodlines
19:42 Scale Barding Armor
20:10 Forging
22:02 Bow Saw
21:53 Heavy Plow
25:41 Chain Barding Armor
25:40 Gold Mining
30:37 Iron Casting
30:38 Gold Shaft Mining
30:32 Husbandry
34:04 Hand Cart
34:04 Light Cavalry
38:26 Imperial Age
37:07 Pikeman
37:48 Squires
39:22 Plate Barding Armor
39:19 Conscription
40:06 Blast Furnace
47:13 Cavalier
51:21 Hussar
53:23 Halberdier
XEVER | Masa!
6:22 Loom
9:05 Feudal Age
9:34 Double-Bit Axe
15:49 Scale Barding Armor
22:09 Castle Age
21:09 Wheelbarrow
20:54 Gold Mining
23:07 Husbandry
23:34 Chain Barding Armor
22:37 Light Cavalry
24:11 Forging
26:23 Town Watch
29:26 Gold Shaft Mining
29:58 Iron Casting
42:27 Imperial Age
42:35 Cavalier
42:53 Cavalier
47:47 Hand Cart
49:51 Elite Skirmisher
51:05 Conscription
50:46 Chivalry
53:31 Pikeman
OPI Sonet
5:05 Loom
8:54 Feudal Age
9:22 Double-Bit Axe
15:17 Fletching
23:09 Castle Age
21:42 Gold Mining
21:38 Horse Collar
22:21 Padded Archer Armor
23:17 Crossbowman
24:15 Bodkin Arrow
26:19 Wheelbarrow
32:15 Hand Cart
33:34 Thumb Ring
34:20 Leather Archer Armor
39:10 Imperial Age
37:22 Town Watch
38:10 Bloodlines
38:43 Scale Mail Armor
38:50 Scale Barding Armor
40:11 Bow Saw
41:34 Ballistics
42:03 Fervor
42:21 Conscription
42:02 Steppe Husbandry
43:02 Town Patrol
44:18 Parthian Tactics
45:55 Chain Barding Armor
45:46 Forging
49:16 Cavalier
50:30 Masonry
51:03 Paladin
52:22 Plate Barding Armor
53:20 Iron Casting
56:14 Blast Furnace
Cheonma
6:51 Loom
9:26 Feudal Age
10:41 Double-Bit Axe
15:58 Fletching
18:43 Padded Archer Armor
27:09 Castle Age
27:46 Bodkin Arrow
27:13 Crossbowman
28:35 Town Watch
29:26 Wheelbarrow
29:20 Leather Archer Armor
30:10 Pikeman
31:52 Squires
48:42 Elite Skirmisher
RDA | Damiii el TORO
6:55 Loom
9:18 Feudal Age
15:45 Scale Barding Armor
18:57 Forging
20:30 Bloodlines
21:25 Double-Bit Axe
25:12 Castle Age
24:41 Horse Collar
25:01 Gold Mining
26:12 Chain Barding Armor
25:35 Light Cavalry
28:24 Husbandry
36:38 Wheelbarrow
37:12 Town Watch
41:09 Hand Cart
42:10 Gold Shaft Mining
45:43 Imperial Age
43:35 Stone Mining
44:49 Iron Casting
44:52 Heavy Plow
45:44 Cavalier
47:00 Plate Barding Armor
50:17 Hussar
Connection lost

Rejoining the realm…

Still unreachable

The connection could not be restored.

Session expired

The server has moved on; the page needs a fresh start.